Description

3 Rax with marines and marauders to kill protoss early

Replay - PtitDrogo v uwuThermal - Ice and Chrome LE

Build Order

Get SALT Encoding   

  12  0:01  SCV  
  13  0:13  SCV  
  14  0:17  Supply Depot  
  14  0:25  SCV  
  15  0:39  SCV  
  15  0:40  Barracks  
  16  0:51  SCV  
  16  0:53  Barracks  
  17  1:00  Supply Depot  
  17  1:03  SCV  
  18  1:15  SCV  
  19  1:27  Marine  
  19  1:28  Orbital Command  
  20  1:40  Marine  
  20  1:45  Marine  
  22  1:53  SCV  
  23  1:57  Marine  
  24  2:03  Marine  
  24  2:04  Command Center  
  24  2:07  SCV  
  26  2:15  Marine  
  26  2:19  Supply Depot, SCV  
  26  2:21  Marine  
  29  2:30  Refinery x2  
  29  2:34  Marine  
  31  2:40  Marine  
  33  2:52  Barracks  
  33  2:54  Marine  
  36  3:14  Barracks Tech Lab  
  36  3:18  Orbital Command  
  35  3:21  Barracks Reactor  
  33  3:27  Bunker  
  33  3:33  Marauder, Stimpack  
  36  3:39  Barracks Tech Lab  
  38  3:53  Engineering Bay  
  38  3:55  Marauder  
  44  4:08  Combat Shield  
  40  4:20  Marauder  
  41  4:30  Marauder  
  48  4:51  Marauder  
  48  4:56  Factory  
  48  4:59  Marauder  
  51  5:03  Supply Depot  
  52  5:13  Supply Depot  
  54  5:23  Terran Infantry Weapons Level 1  
  54  5:25  Marauder  
  61  5:40  Starport  
  61  5:41  Factory Reactor  
  65  5:51  Marauder  
  62  6:09  Marauder  
  62  6:10  Refinery x2  
  65  6:28  Medivac x2  
  65  6:30  Marauder  
  76  6:44  Command Center  
  77  6:51  Concussive Shells  
  81  6:58  Medivac  
Spawning Tool Build Advisor. Get it on Overwolf

Go to:

Details

  • Created by: PGABlack
  • Published on: Jan 30, 2021
  • Modified on: Jan 30, 2021
  • Patch: 4.11.0
  • Difficulty: Hard
Show
View Real Time Build Order
Export as new Build Order

Comments (0)

There are no comments. Be the first!

Create an account to comment!